 Dungeon Crawl Stone Soup version 0.29-a0-823-gc37b1572da (webtiles) character file.

Game seed: 13034900942550829735

56 zeratav the Changer (level 3, 0/23 HPs)
             Began as an Octopode Transmuter on July 8, 2022.
             Killed from afar by a dart slug (5 damage)
             ... with a slug dart
             ... on level 2 of the Dungeon.
             The game lasted 00:02:54 (1593 turns).

zeratav the Changer (Octopode Transmuter)           Turns: 1593, Time: 00:02:55

Health: 0/23       AC:  1    Str:  9    XL:     3   Next: 95%
Magic:  6/6        EV: 13    Int: 17    God:
Gold:   17         SH:  0    Dex: 12    Spells: 2/6 levels left

rFire   . . .      SeeInvis .     - Unarmed
rCold   . . .      Faith    .   (no shield)
rNeg    . . .      Spirit   .   (helmet restricted)
rPois   .          Reflect  .   (no amulet)
rElec   .          Harm     .   (no ring)
rCorr   .          Rampage  .   (no ring)
Will    .....                   (no ring)
Stlth   ++........              (no ring)
HPRegen 0.07/turn               (no ring)
MPRegen 0.10/turn               (no ring)
                                (no ring)
                                (no ring)

@: no status effects
A: almost no armour, amphibious, 8 rings, camouflage 1, gelatinous body 1,
(nimble swimmer 1), tentacles
a: no special abilities


You were on level 2 of the Dungeon.
You visited 1 branch of the dungeon, and saw 2 of its levels.

You collected 17 gold pieces.


Innate Abilities, Weirdness & Mutations

You cannot wear most types of armour.
You are amphibious.
You can wear up to eight rings at the same time.
Your skin changes colour to match your surroundings (Stealth+).
Your rubbery body absorbs attacks. (AC +1, EV +1)
((You are camouflaged when in or above water. (Stealth+)))
You have tentacles for arms and can constrict up to eight enemies at once.


   Skills:
 - Level 1.0 Fighting
 - Level 2.0 Dodging
 - Level 3.0 Unarmed Combat
 - Level 2.0 Spellcasting
 + Level 3.6 Transmutations
 - Level 2.0 Poison Magic


You had 2 spell levels left.
You knew the following spells:

 Your Spells              Type           Power      Damage    Failure   Level
a - Beastly Appendage     Tmut           28%        N/A       4%          1
b - Spider Form           Tmut/Pois      11%        N/A       19%         3

Your spell library contained the following spells:

 Spells                   Type           Power      Damage    Failure   Level
 Wereblood                Tmut           14%        N/A       7%          2
 Frozen Ramparts          Ice            2%         1d2       50%         3
 Ice Form                 Ice/Tmut       7%         N/A       67%         4
 Summon Ice Beast         Ice/Summ       1%         N/A       88%         4

Inventory:

Scrolls
 b - 4 scrolls of identify {unknown}
 d - a scroll of teleportation {unknown}
 g - a scroll of immolation {unknown}
 i - a scroll of enchant weapon {unknown}
Potions
 a - a potion of lignification {!q}
 c - a potion of flight {unknown}
 e - a potion of cancellation {unknown}
 f - a potion of degeneration {unknown}
 h - 3 potions of curing {@q1}

Dungeon Overview and Level Annotations

Branches:
Dungeon (2/15) Zot: 10409

Altars:

## ##. .# ..###.###
#.#....=# #.#.....##
#......... #.# #
#......!# #.#
#.#####)......# #.#
#....@...##.### #.#
####.#...# #.#
#######w##..# #.#
#........>..#
..#######.......##.##
........†.########.#
.########.# #.# .#
##.## #.#
.#######...# #.#


You could see a dart slug.


Message History

No target in view!
No target in view!
Your tentacle spike disappears.
i - a scroll labelled POUJEI DAFEITH A rat comes into view.
A rat is nearby!
One of your tentacles grows a vicious spike.
MP[-1]
You lost 1 mp, and now have 5/6 mp.
The rat misses you.
You tentacle-slap the rat. You grab the rat.
You constrict the rat, but do no damage.
The rat misses you.
You tentacle-slap the rat.
You kill the rat!
No target in view!
No target in view!
No target in view!
No target in view!
No target in view!
No target in view!
No target in view!
No target in view!
No target in view!
No target in view!
No target in view!
No target in view!
No target in view!
Your transformation is almost over.
You see here a rat corpse.
Your tentacle spike disappears.
Found a stone staircase leading down.
MP[+1]
Your mp is fully restored (6).
A goblin comes into view. It is wielding a +0 club.
A goblin is nearby!
An endoplasm comes into view.
The goblin shouts!
The endoplasm quivers.
You tentacle-slap the goblin but do no damage.
You grab the goblin. You constrict the goblin.
A dart slug comes into view.
The goblin hits you with a +0 club.
HP[-3]
You take 3 damage, and now have 20/23 hp.
You tentacle-slap the goblin.
You kill the goblin!
The endoplasm hits you.
HP[-1]
You take 1 damage, and now have 19/23 hp.
You tentacle-slap the endoplasm but do no damage.
The endoplasm freezes you.
You are frozen.
HP[-2]
You take 2 damage, and now have 17/23 hp.
You tentacle-slap the endoplasm. Your squeeze misses the endoplasm.
The endoplasm freezes you.
You are frozen.
HP[-5]
You take 5 damage, and now have 12/23 hp.
MASSIVE DAMAGE!! (PAUSE)
You barely miss the endoplasm. You tentacle-slap the endoplasm.
You kill the endoplasm!
The dart slug launches a dart at you. The slug dart hits you.
* * * LOW HITPOINT WARNING * * *
You are too injured to fight recklessly!
HP[-5]
You take 5 damage, and now have 7/23 hp.
MASSIVE DAMAGE!! (PAUSE)
You are too injured to fight recklessly!
You are too injured to fight recklessly!
You are too injured to fight recklessly!
You are too injured to fight recklessly!
You are too injured to fight recklessly!
You are too injured to fight recklessly!
You are too injured to fight recklessly!
You are too injured to fight recklessly!
You are too injured to fight recklessly!
You are too injured to fight recklessly!
You are too injured to fight recklessly!
You are too injured to fight recklessly!
You are too injured to fight recklessly!
You are too injured to fight recklessly!
You are too injured to fight recklessly!
Unknown command.
The dart slug launches a dart at you. The slug dart hits you.
* * * LOW HITPOINT WARNING * * *
HP[-3]
You take 3 damage, and now have 4/23 hp.
The dart slug launches a dart at you. The slug dart misses you.
HP[+1]
You start resting.
A dart slug is nearby!
There is a stone staircase leading down here.
The dart slug launches a dart at you. The slug dart hits you.
You die...

Skill      XL: |  1  2  3 |
---------------+----------+-----
Poison Magic   | 1 2 |  2.0
Transmutations | 3 |  3.6
Fighting       | |  1.0
Dodging        | |  2.0
Unarmed Combat | |  3.0
Spellcasting   | |  2.0

Action                   || total
-------------------------++-------
Melee: Unarmed           ||    66
       Kick              ||    14
       Constrict         ||    15
       Tentacles         ||     8
       Punch             ||     4
Throw: Dart              ||     7
 Cast: Beastly Appendage ||    19
  Use: Potion            ||     2
 Stab: Distracted        ||     1
       Sleeping          ||     2
Armor: Skin              ||     6
Dodge: Dodged            ||    34

Levels and vault maps discovered:
D:1:      lemuel_arrival_rhombus, layout_basic, ebering_ecumenical_altar_mist
D:2:      layout_loops_ring

Notes
Turn   | Place    | Note
-------+----------+-------------------------------------------
     0 | D:1      | zeratav the Octopode Transmuter began the quest for the
                  | Orb.
     0 | D:1      | Reached XP level 1. HP: 13/13 MP: 3/3
     0 | D:1      | magus.rc [v1.9.6]
    27 | D:1      | Reached skill level 1 in Poison Magic
   209 | D:1      | Reached XP level 2. HP: 18/18 MP: 3/5
   664 | D:1      | Reached skill level 2 in Poison Magic
   736 | D:1      | Found a faded altar of an unknown god.
   833 | D:1      | Reached XP level 3. HP: 22/23 MP: 3/6
  1039 | D:2      | Reached skill level 3 in Transmutations
  1239 | D:2      | You pick up a book of Rime and begin reading...
  1239 | D:2      | You add the spells Frozen Ramparts and Summon Ice Beast to
                  | your library.
  1500 | D:2      | Learned a level 3 spell: Spider Form
  1573 | D:2      | HP: 4/23 [dart slug/slug dart (3)]
  1593 | D:2      | Killed from afar by a dart slug

Vanquished Creatures
  An adder (D:2)
  A dart slug (D:2)
  2 bats (D:1)
  8 endoplasms
  A giant cockroach (D:2)
  8 goblins
  3 hobgoblins
  2 kobolds
  5 ball pythons
  A frilled lizard (D:1)
  8 rats
40 creatures vanquished.

Table legend:
 A = Non-vault XP
 B = Vault XP
 C = Vault XP percentage of total XP
 D = Non-vault monster count
 E = Vault monster count
 F = Vault count percentage of total count
                 A         B        C        D         E       F
            +---------+---------+-------+---------+---------+-------
      Total |      80 |       0 |   0.0 |      40 |       0 |   0.0
            +---------+---------+-------+---------+---------+-------
        D:1 |      37 |       0 |   0.0 |      23 |       0 |   0.0
        D:2 |      43 |       0 |   0.0 |      17 |       0 |   0.0
            +---------+---------+-------+---------+---------+-------

Illustrated notes

Table legend:
 A = Kills in this place as a percentage of kills in entire the game.
 B = Kills by you in this place as a percentage of kills by you in the entire game.
 C = Kills by friends in this place as a percentage of kills by friends in the entire game.
 D = Other kills in this place as a percentage of other kills in the entire game.
 E = Experience gained in this place as a percentage of experience gained in the entire game.
 F = Experience gained in this place divided by the number of levels of this place that you have seen.
                   A       B       C       D       E      F
               +-------+-------+-------+-------+-------+----------------------
         Total | 100.0 | 100.0 |   N/A |   N/A | 100.0 |  40.0
       Dungeon | 100.0 | 100.0 |   N/A |   N/A | 100.0 |  40.0
               +-------+-------+-------+-------+-------+----------------------

Table legend: (Time is in decaauts)
 A = Elapsed time spent in this place.
 B = Non-inter-level travel time spent in this place.
 C = Inter-level travel time spent in this place.
 D = Time resting spent in this place.
 E = Time spent auto-exploring this place.
 F = Levels seen in this place.
 G = Mean time per level.
                   A        B        C        D        E       F      G
               +--------+--------+--------+--------+--------+-----+--------+
         Total |   1589 |   1536 |     53 |    312 |    969 |   2 |  794.5 |
       Dungeon |   1589 |   1536 |     53 |    312 |    969 |   2 |  794.5 |
               +--------+--------+--------+--------+--------+-----+--------+

Top non-repeatable levels by time:
     D:1: 1031 daAuts
     D:2: 558 daAuts
